 Dungeon Crawl Stone Soup version 0.17.0-15-g6d90897 (webtiles) character file.

842 Hildebrand the Chopper (level 8, -3/71 HPs)
             Began as a Hill Orc Gladiator on Nov 10, 2015.
             Killed by divine providence
             ... invoked by an orc priest
              (10 damage)
             ... on level 5 of the Dungeon.
             The game lasted 00:23:05 (4799 turns).

Hildebrand the Chopper (Hill Orc Gladiator)         Turns: 4799, Time: 00:23:05

Health: -3/71      AC: 16    Str: 20    XL:     8   Next: 0%
Magic:  8/8        EV: 14    Int:  8    God:
Gold:   257        SH:  0    Dex: 16    Spells: 0 memorised, 7 levels left

rFire  . . .     SeeInvis .     a - +1 war axe
rCold  . . .     Clarity  .     i - +0 chain mail
rNeg   . . .     SustAt   .     (no shield)
rPois  .         Gourm    .     c - +0 helmet
rElec  .         Spirit   .     A - +0 cloak {+Inv}
rCorr  .         Warding  .     q - +0 pair of gloves
rMut   .         Stasis   .     (no boots)
MR     .....                    (no amulet)
Stlth  ..........               f - +3 ring of protection
                                C - +1 ring of slaying

@: agile, not resistant to hostile enchantments, extremely unstealthy
A: no striking features
a: Convert to Beogh, Evoke Invisibility


You were on level 5 of the Dungeon.
You were not hungry.

You visited 1 branch of the dungeon, and saw 5 of its levels.
You also visited: Sewer.

You collected 257 gold pieces.

Inventory:

Hand Weapons
 a - a +1 war axe (weapon)
Missiles
 d - 3 throwing nets (quivered)
Armour
 c - a +0 helmet (worn)
 i - a +0 chain mail (worn)
 q - a +0 pair of gloves (worn)
 A - a +0 cloak of invisibility (worn)
 B - a +0 plate armour
Jewellery
 f - a +3 ring of protection (right hand)
 p - a +6 ring of intelligence
 C - a +1 ring of slaying (left hand)
Scrolls
 n - 3 scrolls of remove curse
 o - 2 scrolls of blinking
 r - a scroll of magic mapping
 s - 3 scrolls of fog
 u - 2 scrolls of teleportation
Potions
 k - 2 potions of curing {unknown}
 l - a potion of brilliance
 m - 2 potions of haste {unknown}
 t - 3 potions of heal wounds {unknown}
 v - 2 potions of berserk rage {unknown}
 w - a potion of might {unknown}
 z - 2 potions of magic {unknown}
Comestibles
 e - 5 bread rations
 g - a royal jelly
 h - 2 meat rations
 j - 6 fruits
 x - a beef jerky
 D - 5 chunks of flesh


   Skills:
 + Level 6.4 Fighting
 + Level 7.7 Axes
 - Level 1.7 Throwing
 + Level 5.3 Armour
 - Level 2.4 Dodging


You had 7 spell levels left.
You didn't know any spells.

Dungeon Overview and Level Annotations

Branches:
Dungeon (5/15)
 Temple: D:4-7

Altars:
Dithmenos
Makhleb
Trog
Vehumet
Xom


Message History

The orc priest calls down the wrath of Beogh upon you.
Something smites you!
The orc priest calls down the wrath of Beogh upon you.
Pain shoots through your body!
* * * LOW HITPOINT WARNING * * *
Huge Dmg: -29%(-21hp) hp: 26%(18hp)
The orc priest invokes the aid of Beogh against you.
Pain shoots through your body!
* * * LOW HITPOINT WARNING * * *
Huge Dmg: -17%(-12hp) hp: 9%(6hp)
You completely miss the orc priest.
The orc priest is almost dead.
You hit the withered plant.
The withered plant is lightly damaged.
You slash the withered plant!
The withered plant is lightly damaged.
You hit the withered plant but do no damage.
The orc priest invokes the aid of Beogh against you.
Something smites you!
You die...

# ........#.#.### #.#.
#.###.....##.# .#.##.
##...# #.# ... #.... ..#
#.# ##.## ### ###.##
.8..# #######P§§§##
....## #.......PP§o##
.....#
##§§§P@#.###.....##
#.#P§P.##.#.......#
###.####.##§##.#)........
#
..........#....'.........
.<
###.###.88.#.###.........
## #.....## ##.......# #
#.###..).## ##.....##
#........# #...##
#####..### #+##


You could see an orc priest.

Vanquished Creatures
  A phantom (D:4)
  A centaur (D:5)
  A giant frog zombie (D:5)
  3 orc wizards
  A crimson imp (D:3)
  Crazy Yiuf (D:4)
  2 hounds (D:4)
  An iguana (D:3)
  An orc priest (D:4)
  3 worker ants
  A hound skeleton (D:5)
  3 gnolls (D:4)
  8 adders
  8 river rats (Sewer)
  An ooze (D:3)
  An adder skeleton (D:4)
  2 worms (D:2)
  8 orcs
  3 ball pythons
  7 giant cockroaches
  7 goblins
  4 hobgoblins
  13 jackals
  4 quokkas
  13 bats
  2 giant gecko skeletons
  8 giant newts
  A jackal skeleton (D:5)
  7 kobolds
  A quokka skeleton (D:5)
  12 rats
129 creatures vanquished.

Notes
Turn   | Place    | Note
--------------------------------------------------------------
     0 | D:1      | Hildebrand the Hill Orc Gladiator began the quest for the Orb.
     0 | D:1      | Reached XP level 1. HP: 18/18 MP: 1/1
   153 | D:1      | Reached XP level 2. HP: 19/25 MP: 2/2
   155 | D:1      | Reached skill level 1 in Armour
   793 | D:1      | Reached XP level 3. HP: 27/30 MP: 3/3
  1177 | D:2      | Found a bloodstained altar of Trog.
  1336 | D:2      | Found a radiant altar of Vehumet.
  1405 | D:2      | Reached XP level 4. HP: 15/38 MP: 4/4
  1431 | D:2      | Huge Dmg: 6 dmg
  1636 | D:2      | Reached skill level 5 in Axes
  1886 | D:3      | Huge Dmg: 8 dmg
  1886 | D:3      | Reached XP level 5. HP: 25/46 MP: 5/5
  2084 | D:3      | Huge Dmg: 10 dmg
  2087 | D:3      | Huge Dmg: 9 dmg
  2088 | D:3      | Huge Dmg: 7 dmg
  2090 | D:3      | Huge Dmg: 7 dmg
  2093 | D:3      | Huge Dmg: 4 dmg
  2384 | D:3      | Found a shimmering altar of Xom.
  2384 | D:3      | Found a burning altar of Makhleb.
  2395 | D:3      | Paralysed by a crimson imp for 2 turns
  2616 | D:3      | Huge Dmg: 9 dmg
  2767 | D:3      | Reached XP level 6. HP: 53/53 MP: 6/6
  2786 | D:3      | Found a shadowy altar of Dithmenos.
  2893 | D:3      | Reached skill level 6 in Axes
  3004 | D:4      | Found a glowing drain.
  3030 | D:4      | Reached skill level 5 in Fighting
  3133 | Sewer    | Entered a sewer
  3385 | Sewer    | Reached XP level 7. HP: 61/61 MP: 7/7
  3753 | D:4      | Huge Dmg: 13 dmg
  3758 | D:4      | Huge Dmg: 12 dmg
  3762 | D:4      | Reached skill level 7 in Axes
  4190 | D:4      | Noticed Crazy Yiuf
  4197 | D:4      | Killed Crazy Yiuf
  4612 | D:5      | Entered Level 5 of the Dungeon
  4676 | D:5      | Reached skill level 5 in Armour
  4773 | D:5      | Reached XP level 8. HP: 71/71 MP: 8/8
  4786 | D:5      | Huge Dmg: 16 dmg
  4793 | D:5      | Huge Dmg: 21 dmg
  4794 | D:5      | Huge Dmg: 12 dmg
  4799 | D:5      | Killed from afar by an orc priest

Action                   |  1- 3 |  4- 6 |  7- 9 || total
-------------------------+-------+-------+-------++-------
Melee: War axe           |   142 |   187 |   127 ||   456
  Use: Scroll            |     3 |     6 |     3 ||    12
       Potion            |       |     1 |     1 ||     2
  Eat: Chunk             |     2 |     7 |     4 ||    13
